RL
NIAGARA FALLS RAPIDS @ CHESAPEAKE MALLARDS
04/26/2060
 
TOP OF THE 1ST
Niagara Falls Rapids batting - Pitching for Chesapeake Mallards : LHP Dantiel Casey
Pitching: LHP Dantiel Casey
Batting: RHB Jeffery Blair 0-0: Ball
1-0: Ground out U3 (Groundball, 34S, EV 91.2 MPH)
Batting: RHB Sean Hootman 0-0: Called Strike
0-1: Ball
1-1: Foul Ball, location: 2F
1-2: Fly out, F8 (Flyball, 8LD, EV 83.1 MPH)
Batting: RHB Julius Simpson 0-0: Ball
1-0: Called Strike
1-1: Fly out, F7 (Flyball, 7D, EV 84.4 MPH)
Top of the 1st over - 0 runs, 0 hits, 0 errors, 0 left on base; Niagara Falls 0 - Chesapeake 0
BOTTOM OF THE 1ST
Chesapeake Mallards batting - Pitching for Niagara Falls Rapids : RHP Trevor Caldwell
Pitching: RHP Trevor Caldwell
Batting: RHB Justin Reaves 0-0: Called Strike
0-1: Foul Ball, location: 2F
0-2: Foul Ball, location: 2F
0-2: Ball
1-2: Fly out, F8 (Flyball, 8LM, EV 85.0 MPH)
Batting: RHB Elias Howard 0-0: Swinging Strike
0-1: Ball
1-1: SINGLE (Groundball, 6M, EV 91.9 MPH) (infield hit)
Batting: LHB Justin Rice 0-0: Called Strike
0-1: SINGLE (Line Drive, 9S, EV 110.0 MPH)
Elias Howard to second
Batting: LHB Justin Long 0-0: Grounds out, U3 (Groundball, 3L, EV 103.1 MPH)
Elias Howard to third
Batting: RHB Trystan Didkowsky 0-0: Ball
1-0: Ground out 6-3 (Groundball, 6, EV 85.0 MPH)
Bottom of the 1st over - 0 runs, 2 hits, 0 errors, 2 left on base; Niagara Falls 0 - Chesapeake 0
TOP OF THE 2ND
Niagara Falls Rapids batting - Pitching for Chesapeake Mallards : LHP Dantiel Casey
Batting: SHB Dustin Gaspard 0-0: Ball
1-0: Called Strike
1-1: Foul Ball, location: 2F
1-2: Ground out 6-3 (Groundball, 6S, EV 70.0 MPH)
Batting: RHB Max Blum 0-0: Ball
1-0: Ball
2-0: Ball
3-0: Called Strike
3-1: Ground out 6-3 (Groundball, 6, EV 105.0 MPH)
Batting: LHB Drew Cheek 0-0: Ball
1-0: Ball
2-0: Called Strike
2-1: Ball
3-1: Base on Balls
Batting: RHB Bryson Tonn 0-0: Ball
Wild Pitch!
Drew Cheek to second
1-0: Called Strike
1-1: Foul Ball, location: 2F
1-2: Strikes out looking
Top of the 2nd over - 0 runs, 0 hits, 0 errors, 1 left on base; Niagara Falls 0 - Chesapeake 0
BOTTOM OF THE 2ND
Chesapeake Mallards batting - Pitching for Niagara Falls Rapids : RHP Trevor Caldwell
Batting: SHB Bryson Daly 0-0: Called Strike
0-1: Fly out, F8 (Flyball, 8RM, EV 84.4 MPH)
Batting: LHB Cole Hasten 0-0: Ball
1-0: Ball
2-0: Ball
3-0: Called Strike
3-1: Base on Balls
Batting: RHB Mikel Slayden 0-0: Ball
1-0: Called Strike
1-1: DOUBLE (Flyball, 8LXD, EV 89.4 MPH)
Cole Hasten to third
Runner from 3rd tries for Home, SAFE, no throw by CF
Batting: RHB Cristian Schmidt 0-0: Ground out U3 (Groundball, 3, EV 100.0 MPH)
Mikel Slayden to third
Batting: RHB Justin Reaves 0-0: Ball
1-0: Swinging Strike
1-1: Ball
2-1: Ball
3-1: Fly out, F7 (Flyball, 7, EV 95.6 MPH)
Bottom of the 2nd over - 1 run, 1 hit, 0 errors, 1 left on base; Niagara Falls 0 - Chesapeake 1
TOP OF THE 3RD
Niagara Falls Rapids batting - Pitching for Chesapeake Mallards : LHP Dantiel Casey
Batting: SHB Cody Miller 0-0: Foul Ball, location: 2F
0-1: Ball
1-1: Called Strike
1-2: Foul Ball, location: 2F
1-2: Ground out 6-3 (Groundball, 6, EV 104.4 MPH)
Batting: RHB Isaac Cologgi 0-0: Ball
1-0: Called Strike
1-1: Called Strike
1-2: Ball
2-2: Strikes out swinging
Batting: RHB Jeffery Blair 0-0: Ball
1-0: Called Strike
1-1: Ball
2-1: SINGLE (Groundball, 3S, EV 62.5 MPH) (infield hit)
Batting: RHB Sean Hootman 0-0: Called Strike
Jeffery Blair is caught stealing 2nd base 2-4
Top of the 3rd over - 0 runs, 1 hit, 0 errors, 0 left on base; Niagara Falls 0 - Chesapeake 1
BOTTOM OF THE 3RD
Chesapeake Mallards batting - Pitching for Niagara Falls Rapids : RHP Trevor Caldwell
Batting: RHB Elias Howard 0-0: Ball
1-0: Ground out 5-3 (Groundball, 56S, EV 88.1 MPH)
Batting: LHB Justin Rice 0-0: Fly out, F8 (Flyball, 8LXD, EV 93.1 MPH)
Batting: LHB Justin Long 0-0: Called Strike
0-1: Ball
1-1: Ball
2-1: Swinging Strike
2-2: Strikes out swinging
Bottom of the 3rd over - 0 runs, 0 hits, 0 errors, 0 left on base; Niagara Falls 0 - Chesapeake 1
TOP OF THE 4TH
Niagara Falls Rapids batting - Pitching for Chesapeake Mallards : LHP Dantiel Casey
Batting: RHB Sean Hootman 0-0: Ground out 6-3 (Groundball, 6S, EV 67.5 MPH)
Batting: RHB Julius Simpson 0-0: Ball
1-0: Ball
2-0: Ball
3-0: Called Strike
3-1: Base on Balls
Batting: SHB Dustin Gaspard 0-0: Called Strike
0-1: Swinging Strike
0-2: Foul Ball, location: 2F
0-2: 2-RUN HOME RUN (Flyball, 78XD, EV 103.1 MPH), Distance : 416 ft
Batting: RHB Max Blum 0-0: Ball
1-0: Called Strike
1-1: Swinging Strike
1-2: Ground out 5-3 (Groundball, 56, EV 106.9 MPH)
Batting: LHB Drew Cheek 0-0: Ball
1-0: Ball
2-0: Fly out, F9 (Flyball, 9D, EV 105.6 MPH)
Top of the 4th over - 2 runs, 1 hit, 0 errors, 0 left on base; Niagara Falls 2 - Chesapeake 1
BOTTOM OF THE 4TH
Chesapeake Mallards batting - Pitching for Niagara Falls Rapids : RHP Trevor Caldwell
Batting: RHB Trystan Didkowsky 0-0: Foul Ball, location: 2F
0-1: Ball
1-1: Ball
2-1: SINGLE (Groundball, 56D, EV 100.0 MPH)
Batting: SHB Bryson Daly 0-0: Ball
1-0: Called Strike
1-1: Ball
2-1: Ball
3-1: Fly out, F8 (Flyball, 8LS, EV 88.8 MPH)
Batting: LHB Cole Hasten 0-0: Ball
1-0: Swinging Strike
1-1: Ball
2-1: DOUBLE (Flyball, 78XD, EV 98.8 MPH)
Trystan Didkowsky to third
Batting: RHB Mikel Slayden 0-0: Called Strike
0-1: Swinging Strike
0-2: Ground out 4-3 (Groundball, 13, EV 79.4 MPH)
Trystan Didkowsky scores
Cole Hasten to third
Batting: RHB Cristian Schmidt 0-0: Called Strike
0-1: Foul Ball, location: 2F
0-2: Fly out, F8 (Flyball, 8LM, EV 96.9 MPH)
Bottom of the 4th over - 1 run, 2 hits, 0 errors, 1 left on base; Niagara Falls 2 - Chesapeake 2
TOP OF THE 5TH
Niagara Falls Rapids batting - Pitching for Chesapeake Mallards : LHP Dantiel Casey
Batting: RHB Bryson Tonn 0-0: Ball
1-0: Called Strike
1-1: Swinging Strike
1-2: Ground out 5-3 (Groundball, 5, EV 93.1 MPH)
Batting: SHB Cody Miller 0-0: Ball
1-0: Foul Ball, location: 2F
1-1: Fly out, F7 (Flyball, 7, EV 96.2 MPH)
Batting: RHB Isaac Cologgi 0-0: Ball
1-0: Ball
2-0: Swinging Strike
2-1: Ball
3-1: Base on Balls
Batting: RHB Jeffery Blair 0-0: Foul Ball, location: 2F
0-1: Ball
1-1: Fly out, F7 (Line Drive, 7LM, EV 90.6 MPH)
Top of the 5th over - 0 runs, 0 hits, 0 errors, 1 left on base; Niagara Falls 2 - Chesapeake 2
BOTTOM OF THE 5TH
Chesapeake Mallards batting - Pitching for Niagara Falls Rapids : RHP Trevor Caldwell
Batting: RHB Justin Reaves 0-0: Ball
1-0: Called Strike
1-1: Foul Ball, location: 2F
1-2: Foul Ball, location: 2F
1-2: Strikes out swinging
Batting: RHB Elias Howard 0-0: Foul Ball, location: 2F
0-1: Ball
1-1: Swinging Strike
1-2: Ball
2-2: Fly out, F9 (Flyball, 89M, EV 88.1 MPH)
Batting: LHB Justin Rice 0-0: Ball
1-0: Swinging Strike
1-1: Called Strike
1-2: Ball
2-2: Fly out, F9 (Line Drive, 89D, EV 90.6 MPH)
Bottom of the 5th over - 0 runs, 0 hits, 0 errors, 0 left on base; Niagara Falls 2 - Chesapeake 2
TOP OF THE 6TH
Niagara Falls Rapids batting - Pitching for Chesapeake Mallards : LHP Dantiel Casey
Batting: RHB Sean Hootman 0-0: Called Strike
0-1: Ball
1-1: Called Strike
1-2: Ball
2-2: Ball
3-2: Strikes out swinging
Batting: RHB Julius Simpson 0-0: Called Strike
0-1: SINGLE (Groundball, 25, EV 69.4 MPH) (infield hit)
Batting: SHB Dustin Gaspard 0-0: Called Strike
Julius Simpson steals 2nd base
0-1: Foul Ball, location: 2F
0-2: Ball
1-2: Ball
2-2: Ball
3-2: Base on Balls
Batting: RHB Max Blum 0-0: Ball
1-0: Fielders Choice at 2nd, 6-4 (Groundball, 6, EV 95.6 MPH)
Julius Simpson to third
Batting: LHB Drew Cheek 0-0: Ball
1-0: Swinging Strike
1-1: Ball
2-1: Ball
3-1: Base on Balls
Max Blum to second
Batting: RHB Bryson Tonn 0-0: Ball
1-0: Foul Ball, location: 2F
1-1: Ball
2-1: Ball
3-1: Base on Balls
Julius Simpson scores
Max Blum to third
Drew Cheek to second
Pitching: RHP Namon Gorlenko
Batting: SHB Cody Miller 0-0: Foul Ball, location: 2F
0-1: Ball
1-1: Fielders Choice at 2nd, 5-4 (Groundball, 56, EV 84.4 MPH)
Top of the 6th over - 1 run, 1 hit, 0 errors, 3 left on base; Niagara Falls 3 - Chesapeake 2
BOTTOM OF THE 6TH
Chesapeake Mallards batting - Pitching for Niagara Falls Rapids : RHP Trevor Caldwell
Batting: LHB Justin Long 0-0: Ball
1-0: Called Strike
1-1: Ball
2-1: Foul Ball, location: 2F
2-2: Ball
3-2: Base on Balls
Batting: RHB Trystan Didkowsky 0-0: Swinging Strike
0-1: Ball
1-1: Called Strike
1-2: Strikes out swinging
Pitching: RHP Harrison Crosby
Batting: SHB Bryson Daly 0-0: Called Strike
0-1: Fly out, F7 (Flyball, 7D, EV 91.2 MPH)
Batting: LHB Cole Hasten 0-0: Ball
1-0: Ball
2-0: Ball
3-0: Base on Balls
Justin Long to second
Batting: RHB Mikel Slayden 0-0: Called Strike
0-1: Foul Ball, location: 2F
0-2: Strikes out swinging
Bottom of the 6th over - 0 runs, 0 hits, 0 errors, 2 left on base; Niagara Falls 3 - Chesapeake 2
TOP OF THE 7TH
Niagara Falls Rapids batting - Pitching for Chesapeake Mallards : RHP Namon Gorlenko
Batting: RHB Isaac Cologgi 0-0: Ball
1-0: Ball
2-0: SINGLE (Groundball, 34D, EV 108.8 MPH)
Batting: RHB Jeffery Blair 0-0: Bunted foul
0-1: Sac Bunt to 15S - play at second, runner OUT! 1-6
Batting: RHB Sean Hootman 0-0: Ball
1-0: Ball
2-0: Called Strike
2-1: SINGLE (Flyball, 89S, EV 92.5 MPH)
Jeffery Blair to second
Throwing error, E9
Jeffery Blair scores
Sean Hootman to second
Batting: RHB Julius Simpson 0-0: Intentional Walk
Batting: SHB Dustin Gaspard 0-0: Ball
Sean Hootman steals 3rd base
1-0: Ball
2-0: Ball
3-0: Called Strike
3-1: Called Strike
3-2: Base on Balls
Julius Simpson to second
Pinch Hitting: LHB Brody Turnbough 0-0: Ball
1-0: Ball
2-0: Ball
3-0: Called Strike
3-1: Base on Balls
Sean Hootman scores
Julius Simpson to third
Dustin Gaspard to second
Pitching: RHP Mitt Sofian
Batting: LHB Drew Cheek 0-0: Ball
1-0: Called Strike
1-1: Ball
2-1: Ball
3-1: Base on Balls
Julius Simpson scores
Dustin Gaspard to third
Brody Turnbough to second
Batting: RHB Bryson Tonn 0-0: Ball
1-0: Called Strike
1-1: Swinging Strike
1-2: Fielders Choice at 2nd, 5-4 (Groundball, 56S, EV 93.1 MPH)
Dustin Gaspard scores
Brody Turnbough to third
Batting: SHB Cody Miller 0-0: Foul Ball, location: 2F
0-1: Called Strike
0-2: Reached on error, E6 (Flyball, 56D, EV 86.2 MPH)
Brody Turnbough scores
Bryson Tonn to second
Batting: RHB Isaac Cologgi 0-0: Ball
1-0: Called Strike
1-1: Fielders Choice at 2nd, 5-4 (Groundball, 5, EV 85.0 MPH)
Top of the 7th over - 5 runs, 2 hits, 2 errors, 2 left on base; Niagara Falls 8 - Chesapeake 2
BOTTOM OF THE 7TH
Chesapeake Mallards batting - Pitching for Niagara Falls Rapids : RHP Harrison Crosby
Now at 2B: Frank Taft
Batting: RHB Cristian Schmidt 0-0: Ball
1-0: Swinging Strike
1-1: Foul Ball, location: 2F
1-2: Ball
2-2: Ball
3-2: Strikes out looking
Batting: RHB Justin Reaves 0-0: Ball
1-0: Ball
2-0: Called Strike
2-1: Swinging Strike
2-2: Foul Ball, location: 2F
2-2: Strikes out swinging
Batting: RHB Elias Howard 0-0: Ball
1-0: Foul Ball, location: 2F
1-1: Ball
2-1: Fly out, F3 (Popup, 3SF, EV 78.1 MPH)
Bottom of the 7th over - 0 runs, 0 hits, 0 errors, 0 left on base; Niagara Falls 8 - Chesapeake 2
TOP OF THE 8TH
Niagara Falls Rapids batting - Pitching for Chesapeake Mallards : RHP Mitt Sofian
Batting: RHB Jeffery Blair 0-0: Ball
1-0: Ball
2-0: Foul Ball, location: 2F
2-1: Fly out, F9 (Flyball, 89S, EV 83.1 MPH)
Batting: RHB Sean Hootman 0-0: SINGLE (Line Drive, 7S, EV 113.1 MPH)
Batting: RHB Julius Simpson 0-0: SINGLE (Groundball, 56D, EV 104.4 MPH)
Sean Hootman to second
Runner from 2nd tries for 3rd, SAFE, throw by LF made to third
Batting: SHB Dustin Gaspard 0-0: Ball
1-0: Ball
2-0: Ball
3-0: Foul Ball, location: 2F
3-1: Foul Ball, location: 2F
3-2: Strikes out swinging
Batting: RHB Frank Taft 0-0: Called Strike
0-1: Ball
1-1: Foul Ball, location: 2F
1-2: Fly out, F9 (Line Drive, 9, EV 93.8 MPH)
Top of the 8th over - 0 runs, 2 hits, 0 errors, 2 left on base; Niagara Falls 8 - Chesapeake 2
BOTTOM OF THE 8TH
Chesapeake Mallards batting - Pitching for Niagara Falls Rapids : RHP Harrison Crosby
Batting: LHB Justin Rice 0-0: Ball
1-0: Called Strike
1-1: Ball
2-1: Called Strike
2-2: Strikes out swinging
Batting: LHB Justin Long 0-0: Foul Ball, location: 2F
0-1: Swinging Strike
0-2: Ball
1-2: Foul Ball, location: 2F
1-2: Strikes out looking
Batting: RHB Trystan Didkowsky 0-0: Called Strike
0-1: Foul Ball, location: 2F
0-2: SINGLE (Line Drive, 7LS, EV 106.9 MPH)
Batting: SHB Bryson Daly 0-0: Called Strike
0-1: Ball
1-1: Ball
2-1: Ground out 4-3 (Groundball, 4S, EV 87.5 MPH)
Bottom of the 8th over - 0 runs, 1 hit, 0 errors, 1 left on base; Niagara Falls 8 - Chesapeake 2
TOP OF THE 9TH
Niagara Falls Rapids batting - Pitching for Chesapeake Mallards : RHP Mitt Sofian
Batting: LHB Drew Cheek 0-0: Ball
1-0: Called Strike
1-1: Ball
2-1: Ground out 4-3 (Groundball, 4, EV 76.2 MPH)
Batting: RHB Bryson Tonn 0-0: Ground out 6-3 (Groundball, 6, EV 87.5 MPH)
Batting: SHB Cody Miller 0-0: Ball
1-0: Ball
2-0: Ball
3-0: Called Strike
3-1: Base on Balls
Pitching: RHP Bret Reyes
Batting: RHB Isaac Cologgi 0-0: Ball
1-0: Fielders Choice at 2nd, 6-4 (Groundball, 6, EV 80.0 MPH)
Top of the 9th over - 0 runs, 0 hits, 0 errors, 1 left on base; Niagara Falls 8 - Chesapeake 2
BOTTOM OF THE 9TH
Chesapeake Mallards batting - Pitching for Niagara Falls Rapids : RHP Harrison Crosby
Batting: LHB Cole Hasten 0-0: Ball
1-0: Swinging Strike
1-1: Swinging Strike
1-2: Foul Ball, location: 2F
1-2: Ball
2-2: Ball
3-2: Foul Ball, location: 2F
3-2: Foul Ball, location: 2F
3-2: SINGLE (Groundball, 13S, EV 73.1 MPH) (infield hit)
Pitching: LHP Pres Gou
Batting: RHB Mikel Slayden 0-0: Called Strike
0-1: Called Strike
0-2: Ball
1-2: Ground out 4-3 (Groundball, 34, EV 91.9 MPH)
Cole Hasten to second
Batting: RHB Cristian Schmidt 0-0: Ball
1-0: Foul Ball, location: 2F
1-1: Ball
2-1: Ball
3-1: Base on Balls
Batting: RHB Justin Reaves 0-0: Ball
1-0: Ball
2-0: Ball
3-0: Base on Balls
Cole Hasten to third
Cristian Schmidt to second
Batting: RHB Elias Howard 0-0: Called Strike
0-1: Foul Ball, location: 2F
0-2: Foul Ball, location: 2F
0-2: Foul Ball, location: 2F
0-2: Ball
1-2: Fielders Choice at 2nd, 4-6 (Groundball, 4, EV 85.6 MPH)
Cole Hasten scores
Cristian Schmidt to third
Batting: LHB Justin Rice 0-0: SINGLE (Line Drive, 9S, EV 107.5 MPH)
Cristian Schmidt scores
Elias Howard to second
Pitching: RHP Isiah McLean
Batting: LHB Justin Long 0-0: Called Strike
0-1: Foul Ball, location: 2F
0-2: Foul Ball, location: 2F
0-2: Strikes out swinging passed ball, reaches first!
Elias Howard to third
Justin Rice to second
Batting: RHB Trystan Didkowsky 0-0: Called Strike
0-1: Foul Ball, location: 2F
0-2: Foul Ball, location: 2F
0-2: Hit by Pitch
Elias Howard scores
Justin Rice to third
Justin Long to second
Batting: SHB Bryson Daly 0-0: Foul Ball, location: 2F
0-1: Ball
1-1: SINGLE (Groundball, 4MD, EV 96.2 MPH)
Justin Rice scores
Justin Long to third
Trystan Didkowsky to second
Batting: LHB Cole Hasten 0-0: Ball
1-0: Ball
2-0: Ball
3-0: Base on Balls
Justin Long scores
Trystan Didkowsky to third
Bryson Daly to second
Batting: RHB Mikel Slayden 0-0: Called Strike
0-1: Ball
1-1: Ball
2-1: Ball
3-1: Foul Ball, location: 2F
3-2: Fly out, F5 (Popup, 5, EV 75.0 MPH)
Bottom of the 9th over - 5 runs, 3 hits, 0 errors, 3 left on base; Niagara Falls 8 - Chesapeake 7
Monday, April 29th , 2024 - OOTP Baseball 23.10 Build 110